 Dungeon Crawl Stone Soup version 0.29-a0-477-g62b78b4225 (webtiles) character file.

Game seed: 18163128539789026899

131587 Colgate the Unseen (level 17, -13/106 HPs)
             Began as a Kobold Brigand on May 25, 2022.
             Was the Champion of Dithmenos.
             Killed by divine providence
             ... invoked by a meliai
              (15 damage)
             ... on level 15 of the Dungeon.
             The game lasted 02:15:13 (34513 turns).

Colgate the Unseen (Kobold Brigand)                Turns: 34513, Time: 02:15:13

Health: -13/106    AC: 17    Str: 10    XL:     17   Next: 67%
Magic:  0/26       EV: 27    Int: 21    God:    Dithmenos [******]
Gold:   305        SH:  0    Dex: 20    Spells: 9/28 levels left

rFire   . . .      SeeInvis .     - Unarmed
rCold   . . .      Faith    .   (shield currently unavailable)
rNeg    . . .      Spirit   +   (body armour currently unavailable)
rPois   ∞          Reflect  .   (helmet currently unavailable)
rElec   +          Harm     +   (cloak currently unavailable)
rCorr   .          Rampage  .   (gloves currently unavailable)
Will    +....                   (boots currently unavailable) Stlth ******++++
                                y - amulet of Halucsoo {Spirit Harm}
HPRegen 0.27/turn               r - ring of wizardry
MPRegen 0.20/turn               z - +6 ring of intelligence

@: storm-form, blinkbolt cooldown, on blink cooldown, flying, wreathed by umbra
A: cleaving, flying, small, no large weapons, nightstalker 3
a: Blinkbolt, End Transformation, Renounce Religion, Shadow Step, Shadow Form


You were on level 15 of the Dungeon.
You worshipped Dithmenos.
Dithmenos was exalted by your worship.
You were a lightning-filled tempest!
You visited 4 branches of the dungeon, and saw 24 of its levels.
You also visited: Ossuary and Bailey.

You collected 2577 gold pieces.
You spent 2272 gold pieces at shops.

Inventory:

Missiles
 e - 2 curare-tipped darts (quivered)
 f - 8 throwing nets {!f}
 B - 39 poisoned darts
 J - 2 silver boomerangs
 R - 4 atropa-tipped darts
 X - 5 boomerangs of dispersal
Magical Staves
 a - a staff of air (melded)
Jewellery
 k - a ring of protection from cold
 l - a ring of see invisible
 r - a ring of wizardry (left fist)
 v - a ring of protection from fire
 w - the ring of Temptation {rN+ AC+4}
   (You found it on level 3 of the Dungeon)

   [ring of protection]

   AC:        It affects your AC (+4).
   rN:        It protects you from negative energy.
 y - the amulet of Halucsoo (around neck) {Spirit Harm}
   (You found it on level 3 of the Dungeon)

   [amulet of guardian spirit]

   It causes incoming damage to be divided between your reserves of health and
   magic.
   Harm:      It increases damage dealt and taken.
 z - a +6 ring of intelligence (right fist)
 U - a ring of protection from cold
 V - a ring of resist corrosion
Wands
 d - a wand of paralysis (12)
 x - a wand of digging (13) {@v3}
 A - a wand of polymorph (5)
 G - a wand of flame (21)
 H - a wand of mindburst (22)
 K - a wand of iceblast (12) {@v2}
 M - a wand of acid (11) {@v1}
Scrolls
 j - 5 scrolls of fear
 q - 2 scrolls of silence
 s - a scroll of amnesia {unknown}
 t - 2 scrolls of fog
 u - 7 scrolls of teleportation {@r3}
 D - a scroll of magic mapping {@r5}
 E - 9 scrolls of blinking {@r4}
 I - 3 scrolls of vulnerability
 Q - a scroll of summoning
 W - 4 scrolls of poison
Potions
 g - a potion of brilliance
 h - 5 potions of ambrosia
 i - 8 potions of attraction
 m - 2 potions of flight
 o - 6 potions of haste {@q4}
 p - a potion of invisibility
 C - 9 potions of curing {@q1}
 N - 2 potions of lignification
 O - 2 potions of berserk rage
 P - 5 potions of mutation
Miscellaneous
 S - a box of beasts
 T - a lightning rod (4/4)


   Skills:
 - Level 12.0 Fighting
 - Level 9.7 Short Blades
 - Level 7.0 Throwing
 - Level 1.0 Armour
 - Level 8.0 Dodging
 - Level 18.0 Stealth
 - Level 1.3 Shields
 - Level 2.1 Unarmed Combat
 - Level 6.0 Spellcasting
 - Level 1.4 Translocations
 - Level 12.0 Transmutations
 + Level 11.4 Air Magic
 - Level 10.2 Invocations
 - Level 10.4 Evocations


You had 9 spell levels left.
You knew the following spells:

 Your Spells              Type           Power      Damage    Failure   Level
a - Blink                 Tloc           24%        N/A       3%          2
b - Storm Form            Tmut/Air       26%        N/A       26%         7
c - Yara's Violent Unrav  Hex/Tmut       15%        3d8       9%          5
d - Alistair's Intoxicat  Tmut/Pois      20%        N/A       9%          5

Your spell library contained the following spells:

 Spells                   Type           Power      Damage    Failure   Level
 Sandblast                Erth           12%        2d6       4%          1
 Slow                     Hex            24%        N/A       4%          1
 Summon Lightning Spire   Summ/Air       30%        N/A       4%          4
 Lesser Beckoning         Tloc           12%        N/A       6%          3
 Confusing Touch          Hex            6%         N/A       12%         3
 Vampiric Draining        Necr           6%         2d6       12%         3
 Summon Ice Beast         Ice/Summ       6%         N/A       34%         4
 Eringya's Noxious Bog    Tmut/Pois      15%        N/A       43%         6
 Statue Form              Tmut/Erth      20%        N/A       43%         6
 Manifold Assault         Tloc           12%        N/A       50%         5
 Borgnjor's Vile Clutch   Necr/Erth      3%         N/A       69%         5
 Summon Mana Viper        Hex/Summ       6%         N/A       69%         5
 Maxwell's Capacitive Co  Air            26%        ∞         90%         8
 Enfeeble                 Hex            3%         N/A       100%        7
 Haunt                    Necr/Summ      3%         N/A       100%        7
 Monstrous Menagerie      Summ           3%         N/A       100%        7


Dungeon Overview and Level Annotations

Branches:
Dungeon (15/15)            Temple (1/1) D:6            Lair (6/6) D:11
 Shoals (0/4) Lair:4       Spider (0/4) Lair:4        Slime (0/5) Lair:6
    Orc (2/2) D:11            Elf (0/3) Orc:2        Vaults (0/5) D:13
 Depths (0/4) D:15        Ossuary (visited)          Bailey (visited)

Altars:
Ashenzari
Cheibriados
Dithmenos
Elyvilon
Fedhas
Gozag
Hepliaklqana
Kikubaaqudgha
Makhleb
Nemelex Xobeh
Okawaru
Qazlal
Ru
Sif Muna
Trog
Uskayaw
Vehumet
Wu Jian
Xom
Yredelemnul
Zin
The Shining One
Beogh
Jiyva

Shops:
D:3 *   D:11 [[   D:13 ?   Orc:2 !**:


Innate Abilities, Weirdness & Mutations

You are a lightning-filled tempest!
Your electrical attacks strike out in all directions at once.
You are incredibly evasive.
You are flying.
You are immune to poison.
Your armour is entirely melded.
You are incapable of wielding weapons or throwing items.
You are small and have problems with some larger weapons.
You are completely attuned to the shadows.


Message History

You barely miss the meliai. You hit the boulder beetle.
You closely miss the meliai.
The meliai invokes the aid of its god against you.
Something smites you!
* * * LOW HITPOINT WARNING * * *
The meliai calls down the wrath of its god upon you.
Something smites you!
* * * LOW HITPOINT WARNING * * *
The boulder beetle hits you but does no damage.
The boulder beetle stops rolling and uncurls.
The meliai completely misses you.
The meliai stings you but does no damage.
The meliai misses you. The meliai stings you.
* * * LOW HITPOINT WARNING * * *
You hit the meliai. x2
You hit the boulder beetle but do no damage.
The meliai completely misses you. x2; The meliai hits you with a +0 falchion.
* * * LOW HITPOINT WARNING * * *
The meliai stings you but does no damage.
The boulder beetle completely misses you.
The meliai completely misses you. x2; The meliai misses you.
The meliai completely misses you.
You closely miss the meliai. You batter the meliai!!
You kill the meliai!
Dithmenos accepts your kill.
You hit the boulder beetle but do no damage.
The meliai invokes the aid of its god against you.
Something smites you!
* * * LOW HITPOINT WARNING * * *
You emit a cloud of dark smoke.
The boulder beetle closely misses you.
You barely miss the meliai. You hit the boulder beetle.
Your shadow hits the meliai. The meliai misses you. x3
The meliai stings you but does no damage.
The boulder beetle misses you.
Okay, then.
Casting: Storm Form (quite dangerous; 26% risk of failure)
You blink.
The meliai calls down the wrath of its god upon you.
Something smites you!
You die...

...........#..# #.# #††...
...........^..# #..###.....
..............####.........
.....#..####....####.......
#.##.#...##...#.##B........
# ........#...§§y..###B..
###...##.....§#§### ..
##......##....##
##......#.v...#
#......##..#.#
#............ .......
###...##


You could see a meliai.

Vanquished Creatures
  Jorgrun (D:13)
  Gastronok (Lair:1)
  Louise (D:14)
  An orc warlord (Orc:1)
  Nessos (D:12)
  A dire elephant (D:15)
  Josephine (Lair:4)
  The ghost of peuralimu the Spear-Bearer, a journeyman MiBe of Trog (Lair:1)
  2 vault guards (D:13)
  A rakshasa (D:13)
  The ghost of flestrin the Grappler, a journeyman DrGl of Hepliaklqana (Lair:1)
  3 boulder beetles
  The ghost of Faeu the Bludgeoner, a journeyman MiBe of Trog (Lair:1)
  7 hydras
  A catoblepas (Lair:6)
  2 centaur warriors (D:14)
  Erica (D:8)
  A deep troll shaman (Lair:6)
  5 two-headed ogres
  10 death yaks
  5 orc high priests
  The ghost of Turbonekonecno the Covert, a journeyman SpEn of Uskayaw (Lair:1)
  The ghost of nubinia the Thaumaturge, a journeyman DEVM of Ashenzari (Lair:1)
  Urug (Lair:6)
  3 skeletal warriors (D:13)
  Amaemon (D:8)
  A lindwurm (Lair:6)
  Pikel (D:8)
  3 orc knights
  11 ugly things
  A wolf spider (D:14)
  5 orc sorcerers
  A cyclops (D:14)
  3 manticores
  13 elephants
  11 black mambas
  2 torpor snails
  A merfolk siren (Lair:4)
  An orange demon (D:8)
  12 cane toads
  Maggie (D:8)
  5 rime drakes
  A freezing wraith (D:14)
  5 kobold demonologists
  8 komodo dragons
  A polar bear (Lair:6)
  A merfolk (D:15)
  11 meliai
  6 trolls
  A queen bee (Lair:4)
  18 blink frogs
  A hornet (D:11)
  A hornet (shapeshifter) (D:13)
  7 dream sheep (Lair:5)
  5 wyverns
  Sigmund (D:2)
  A vampire (D:12)
  9 wraiths
  48 yaks
  A basilisk (shapeshifter) (D:14)
  9 humans (D:13)
  15 vampire mosquitoes
  4 basilisks
  6 steam dragons
  A redback (Lair:4)
  6 wargs
  2 acid dragons
  21 water moccasins
  Edmund (D:4)
  3 sky beasts
  2 black bears (Lair:6)
  10 ogres
  21 orc warriors
  An ice beast (D:7)
  5 boggarts (D:14)
  5 centaurs
  24 wolves
  A lemure (D:8)
  A kobold brigand (D:12)
  12 gnoll sergeants
  A necrophage (D:7)
  10 bullfrogs
  2 scorpions (D:5)
  3 wights (D:7)
  30 killer bees
  4 howler monkeys
  4 human zombies (Ossuary)
  7 jellies
  30 orc priests
  6 gnoll shamans (Bailey)
  5 hounds
  2 iguanas
  Terence (D:2)
  30 orc wizards
  6 hell rats
  A hound zombie (Ossuary)
  5 mummies
  8 adders
  23 gnolls
  A river rat (Lair:4)
  A shadow imp (D:5)
  2 white imps
  2 ufetubi
  An adder zombie (Ossuary)
  A worm (D:4)
  3 dart slugs
  78 orcs
  5 bats
  5 endoplasms
  4 giant cockroaches
  6 goblins
  10 hobgoblins
  4 jackals (D:5)
  9 kobolds
  A quokka (D:3)
  13 ball pythons
  3 frilled lizards
  A gnoll zombie (Ossuary)
  A goblin zombie (Ossuary)
  2 hobgoblin zombies (Ossuary)
  A kobold zombie (D:8)
  2 orc zombies
  A rat (D:1)
  2 rat zombies
  A butterfly (Lair:2)
741 creatures vanquished.

Vanquished Creatures (collateral kills)
  An orc priest (Orc:2)
  2 orc wizards (Orc:2)
3 creatures vanquished.

Vanquished Creatures (others)
  A human (D:13)
  80 fungi
  80 plants
  3 withered plants (D:2)
164 creatures vanquished.

Grand Total: 908 creatures vanquished

Notes
Turn   | Place    | Note
-------+----------+-------------------------------------------
     0 | D:1      | Colgate the Kobold Brigand began the quest for the Orb.
     0 | D:1      | Reached XP level 1. HP: 12/12 MP: 1/1
    31 | D:1      | You fall into a shaft and drop 1 floor!
    37 | D:2      | Found a faded altar of an unknown god.
    52 | D:2      | Prayed at the altar of an unknown god.
    52 | D:2      | Became a worshipper of Dithmenos the Shadowed
    52 | D:2      | Reached * piety under Dithmenos
    91 | D:1      | Reached XP level 2. HP: 17/17 MP: 2/2
   313 | D:1      | Reached XP level 3. HP: 21/21 MP: 3/3
   888 | D:2      | Noticed Sigmund
   899 | D:2      | Killed Sigmund
   900 | D:2      | Reached XP level 4. HP: 24/26 MP: 4/4
   900 | D:2      | Reached XP level 5. HP: 28/30 MP: 5/5
  1242 | D:2      | Reached XP level 6. HP: 35/35 MP: 6/6
  1459 | D:2      | Noticed Terence
  1463 | D:2      | Killed Terence
  1473 | D:2      | Reached ** piety under Dithmenos
  1710 | D:3      | Identified the ring of Temptation {rN+ AC+4}
  1728 | D:3      | Found Toxiaps's Assorted Antiques.
  1846 | D:3      | Bought an iron wand for 100 gold pieces
  1946 | D:3      | Identified the amulet of Halucsoo {Spirit Harm}
  2606 | D:4      | Noticed an ogre
  3176 | D:4      | Noticed Edmund
  3180 | D:4      | Killed Edmund
  3181 | D:4      | Reached skill level 7 in Stealth
  3181 | D:4      | Reached XP level 7. HP: 41/41 MP: 7/7
  3199 | D:4      | Reached *** piety under Dithmenos
  3204 | D:4      | Reached skill level 1 in Armour
  3259 | D:4      | Found an ornate altar of the Wu Jian Council.
  3661 | D:4      | Found an ornate altar of the Wu Jian Council.
  3874 | D:5      | Entered Level 5 of the Dungeon
  4169 | D:5      | Reached XP level 8. HP: 46/46 MP: 8/8
  4266 | D:5      | Found an opulent altar of Gozag.
  4581 | D:5      | Reached skill level 5 in Fighting
  4921 | D:6      | Reached XP level 9. HP: 58/58 MP: 9/9
  5146 | D:6      | Found a staircase to the Ecumenical Temple.
  5339 | D:6      | Reached skill level 1 in Shields
  5341 | Temple   | Entered the Ecumenical Temple
  5831 | D:7      | Found a snail-covered altar of Cheibriados.
  5893 | D:7      | Reached skill level 5 in Dodging
  5908 | D:7      | Reached **** piety under Dithmenos
  6450 | D:7      | Reached skill level 1 in Evocations
  6588 | D:7      | Reached skill level 5 in Evocations
  6601 | D:7      | Reached XP level 10. HP: 64/66 MP: 10/10
  6783 | D:8      | Identified a scroll of acquirement
  6783 | D:8      | Acquired a +6 quick blade
  6868 | D:3      | Bought a scroll labelled BAMNAD OZOJU for 25 gold pieces
  6988 | D:8      | Found a glowing golden altar of the Shining One.
  6988 | D:8      | Found a glowing silver altar of Zin.
  6991 | D:8      | Found a white marble altar of Elyvilon.
  7060 | D:8      | Found a shimmering blue altar of Sif Muna.
  7072 | D:8      | Found a shadowy altar of Dithmenos.
  7143 | D:8      | Found a sand-covered staircase.
  7149 | Ossuary  | Entered an ossuary
  7614 | D:8      | Noticed Pikel
  7617 | D:8      | Noticed Erica
  7629 | D:8      | Killed Erica
  7660 | D:8      | Killed Pikel
  8018 | D:8      | Reached skill level 8 in Stealth
  8237 | D:8      | Reached ***** piety under Dithmenos
  8238 | D:8      | Reached skill level 9 in Stealth
  8492 | D:8      | Noticed Maggie
  8496 | D:8      | Killed Maggie
  8497 | D:8      | Reached skill level 10 in Stealth
  8497 | D:8      | Reached XP level 11. HP: 71/71 MP: 11/11
  8722 | D:8      | Reached skill level 11 in Stealth
  8723 | D:8      | Noticed Amaemon
  8727 | D:8      | Killed Amaemon
  8728 | D:8      | Reached skill level 12 in Stealth
  9257 | D:9      | Found a basalt altar of Yredelemnul.
  9380 | D:9      | Noticed a two-headed ogre
  9389 | D:9      | Killed a two-headed ogre
  9390 | D:9      | Reached skill level 10 in Fighting
  9471 | D:9      | Noticed a two-headed ogre
  9475 | D:9      | Killed a two-headed ogre
 10012 | D:9      | Noticed a two-headed ogre
 10015 | D:9      | Killed a two-headed ogre
 10524 | D:9      | Found a sparkling altar of Nemelex Xobeh.
 10527 | D:9      | Found an iron altar of Okawaru.
 10530 | D:9      | Found a blossoming altar of Fedhas.
 10552 | D:10     | Entered Level 10 of the Dungeon
 10556 | D:10     | Noticed a two-headed ogre
 10560 | D:10     | Killed a two-headed ogre
 10766 | D:10     | Found a flagged portal.
 10774 | Bailey   | Entered a bailey
 11217 | Bailey   | Reached skill level 1 in Invocations
 11491 | Bailey   | Reached XP level 12. HP: 27/81 MP: 5/14
 12894 | D:11     | Found Taleuv's Antique Armour Shoppe.
 12937 | D:11     | Found a staircase to the Orcish Mines.
 12937 | D:11     | Found Istiajo's Armour Shop.
 13036 | D:11     | Reached skill level 5 in Invocations
 13036 | D:11     | Noticed a death yak
 13038 | D:11     | Found a staircase to the Lair.
 13042 | D:11     | Noticed a death yak
 13045 | D:11     | Noticed a death yak
 13046 | D:11     | Killed a death yak
 13049 | D:11     | Killed a death yak
 13055 | D:11     | Killed a death yak
 13108 | D:11     | Bought a pair of runed gloves for 307 gold pieces
 13108 | D:11     | Bought a pair of runed boots for 307 gold pieces
 14284 | D:12     | Noticed a four-headed hydra
 14293 | D:12     | Noticed a two-headed ogre
 14295 | D:12     | Killed a four-headed hydra
 14296 | D:12     | Reached skill level 10 in Invocations
 14302 | D:12     | Killed a two-headed ogre
 14466 | D:12     | Noticed Nessos
 14468 | D:12     | Killed Nessos
 14469 | D:12     | Reached skill level 13 in Stealth
 14469 | D:12     | Reached XP level 13. HP: 86/86 MP: 18/20
 14628 | Lair:1   | Entered Level 1 of the Lair of Beasts
 14628 | Lair:1   | Noticed Gastronok
 14645 | D:11     | Reached skill level 1 in Translocations
 14648 | D:11     | Learned a level 2 spell: Blink
 14712 | Lair:1   | Killed Gastronok
 14713 | Lair:1   | Reached skill level 14 in Stealth
 14984 | Lair:1   | Reached skill level 15 in Stealth
 15274 | Lair:1   | Reached skill level 16 in Stealth
 15314 | Lair:1   | Found a runed translucent gate.
 15315 | Lair:1   | Found a runed translucent gate.
 15316 | Lair:1   | Found a runed translucent gate.
 15321 | Lair:1   | Noticed peuralimu's ghost (journeyman MiBe)
 15321 | Lair:1   | Noticed flestrin's ghost (journeyman DrGl)
 15488 | Lair:1   | Found a burning altar of Makhleb.
 15905 | Lair:1   | Noticed Turbonekonecno's ghost (journeyman SpEn)
 15905 | Lair:1   | Noticed nubinia's ghost (journeyman DEVM)
 15906 | Lair:1   | Noticed Faeu's ghost (journeyman MiBe)
 15906 | Lair:1   | Killed flestrin's ghost
 15907 | Lair:1   | Reached skill level 5 in Throwing
 15908 | Lair:1   | Killed nubinia's ghost
 15909 | Lair:1   | Killed Faeu's ghost
 15911 | Lair:1   | Killed peuralimu's ghost
 15912 | Lair:1   | Killed Turbonekonecno's ghost
 15919 | Lair:1   | Identified the +1 plate armour of the Harvest Moon {Rampage
                  | Drain Dex+9 Slay-3}
 16971 | Lair:2   | Noticed a boulder beetle
 16980 | Lair:2   | Killed a boulder beetle
 17246 | Lair:3   | Reached skill level 17 in Stealth
 17364 | Lair:3   | Reached XP level 14. HP: 92/92 MP: 0/21
 17614 | Lair:3   | Reached ****** piety under Dithmenos
 17615 | Lair:3   | Reached skill level 18 in Stealth
 18276 | Lair:3   | Reached skill level 10 in Evocations
 18331 | Lair:3   | Reached skill level 1 in Transmutations
 18699 | Lair:4   | Reached skill level 1 in Air Magic
 18784 | Lair:4   | Noticed Josephine
 18882 | Lair:4   | Killed Josephine
 18887 | Lair:4   | Reached skill level 1 in Spellcasting
 19950 | Lair:4   | Found a hole to the Spider Nest.
 19968 | Lair:4   | Found a staircase to the Shoals.
 20671 | Lair:4   | Reached skill level 5 in Air Magic
 20785 | Lair:5   | Reached skill level 5 in Transmutations
 21376 | Lair:5   | Reached XP level 15. HP: 96/96 MP: 19/22
 22085 | Lair:5   | Identified the +2 leather armour of Ru's Envy {Drain rC++
                  | rN+++ Str+3}
 22573 | Lair:6   | Entered Level 6 of the Lair of Beasts
 22580 | Lair:6   | Found a viscous altar of Jiyva.
 23111 | Lair:6   | Noticed Urug
 23125 | Lair:6   | Killed Urug
 23479 | D:11     | Bought +2 steam dragon scales for 728 gold pieces
 23776 | Lair:6   | Reached skill level 5 in Spellcasting
 23954 | Lair:6   | Found a staircase to the Slime Pits.
 23971 | Lair:6   | Got the Catalogue of the Dusty Entourage
 24474 | Lair:6   | Identified the +6 dagger of the Toadstool {freeze, *Slow
                  | rPois rN+ MP+9 Str-2}
 24909 | Orc:1    | Entered Level 1 of the Orcish Mines
 24918 | Orc:2    | Entered Level 2 of the Orcish Mines
 24954 | Orc:1    | Noticed an orc warlord
 24958 | Orc:1    | Killed an orc warlord
 24967 | Orc:1    | Paralysed by an orc sorcerer for 3 turns
 25497 | Orc:2    | Found a staircase to the Elven Halls.
 25707 | Orc:2    | Found Noitunis's Distillery.
 25707 | Orc:2    | Found Rocianir's Assorted Antiques.
 25709 | Orc:2    | Found Gyewahe's Book Shoppe.
 25709 | Orc:2    | Found Cuib's General Store.
 26383 | Orc:1    | Reached XP level 16. HP: 101/101 MP: 25/25
 27304 | Orc:2    | Bought a potion of experience for 650 gold pieces
 27304 | Orc:2    | Reached skill level 10 in Transmutations
 27304 | Orc:2    | Reached XP level 17. HP: 106/106 MP: 26/26
 28445 | D:11     | Found a staircase to the Orcish Mines.
 28510 | D:11     | Found Taleuv's Antique Armour Shoppe.
 28877 | D:11     | Found Istiajo's Armour Shop.
 28951 | D:11     | Found a staircase to the Lair.
 29479 | Orc:2    | Bought an encrusted jade ring for 155 gold pieces
 30047 | D:13     | Reached skill level 10 in Air Magic
 30047 | D:13     | Found Idun Noa's Magic Scroll Boutique.
 30101 | D:13     | Noticed Jorgrun
 30104 | D:13     | Killed Jorgrun
 30848 | D:13     | Found an ancient bone altar of Kikubaaqudgha.
 31160 | D:13     | Found a gate to the Vaults.
 31480 | D:14     | Found a blossoming altar of Fedhas.
 31710 | Lair:2   | Learned a level 7 spell: Storm Form
 31716 | Lair:2   | Learned a level 5 spell: Yara's Violent Unravelling
 31722 | Lair:2   | Learned a level 5 spell: Alistair's Intoxication
 31929 | D:14     | Reached skill level 1 in Unarmed Combat
 33022 | D:14     | Noticed Louise
 33036 | D:14     | Killed Louise
 33312 | D:15     | Entered Level 15 of the Dungeon
 34452 | D:15     | Found a staircase to the Depths.
 34511 | D:15     | HP: 2/106 [meliai/divine providence (12)]
 34513 | D:15     | Killed from afar by a meliai

Illustrated notes

Levels and vault maps discovered:
D:1:      dpeg_arrival_central, layout_rooms
D:2:      layout_loops_cross, ebering_ecumenical_altar_petrified,
          chequers_serial_rivers_micro_a, minivault_26, supply_closet_lemuel,
          hangedman_decor_push, uniq_terence, uniq_sigmund
D:3:      layout_basic, serial_shops, shop
D:4:      layout_cave_pools, nzn_wu_jian_council_hall, kennysheep_nub,
          serial_bayou_pond_a, uniq_edmund
D:5:      layout_loops_ring, nicolae_overflow_crystal_walls
D:6:      layout_rooms, minmay_temple_entry_sparse_star, minmay_misc_feat_square
D:7:      layout_basic, old_standard_altar
D:8:      layout_loops_corners, dreamdust_divine_triumvirate,
          nicolae_sif_muna_little_library, nicolae_dithmenos_shadow_blocks,
          nicolae_ossuary_entry_giza, uniq_amaemon, uniq_erica, uniq_pikel,
          uniq_maggie
D:9:      layout_layer_cave, yredelemnul_altar_generic,
          grunt_temple_overflow_diamond
D:10:     layout_long_grid, enter_bailey_1
D:11:     layout_basic, dpeg_lair_monsters, orc_david_3, serial_shops,
          nicolae_shop_waterfront, st_stairs_14
D:12:     layout_basic, uniq_nessos
D:13:     layout_loops_ring, ximxim_vaults_locker_room, serial_shops, shop,
          lemuel_zombie_altar_kikubaaqudgha, uniq_jorgrun
D:14:     layout_loops_corners, nicolae_elevator_lobby_asterisk, fedhas_altar_1,
          uniq_louise
D:15:     hangedman_depths_entry_try_elsewhere_first, layout_rooms,
          serial_curves, eino_curves_02, eino_curves_02, eino_curves_01,
          serial_shops, nicolae_shop_behind_doors
Temple:   eino_temple_lava
Lair:1:   layout_loops_ring, gammafunk_ghost_cemetery, basic_altar,
          cheibrodos_lair_caveside_slide, infiniplex_staircase_pool_2,
          lemuel_fruit_tree, uniq_gastronok
Lair:2:   layout_regular_city, lemuel_fruit_fields, serial_bayou_shore_b
Lair:3:   layout_loops_ring
Lair:4:   regret_index_tunnel_blossom, layout_cave_pods,
          minmay_shoals_entry_lonely_mermaid, spider_nest_entry_webs,
          serial_bayou_pond_e, uniq_josephine
Lair:5:   layout_roguey
Lair:6:   grunt_lair_end_beastmaster, layout_gridlike, slime_altar_1, uniq_urug
Orc:1:    layout_caves, portal_ice_cave_rime
Orc:2:    st_orc_mages, layout_caves, basic_altar

Skill      XL: |  1  2  3  4  5  6  7  8  9 10 11 12 13 14 15 16 17 |
---------------+----------------------------------------------------+-----
Short Blades   | 3 4 7 8 9 |  9.7
Fighting       | 3 7 9 12 | 12.0
Stealth        | 7 10 12 13 17 18 | 18.0
Armour         | 1 |  1.0
Dodging        | 3 5 7 8 |  8.0
Throwing       | 4 7 |  7.0
Shields        | 1 |  1.3
Evocations     | 5 7 10 | 10.4
Invocations    | 2 10 | 10.2
Translocations | 1 |  1.4
Transmutations | 5 8 10 12 | 12.0
Air Magic      | 5 9 11 | 11.4
Spellcasting   | 3 6 |  6.0
Unarmed Combat | 2 |  2.1

Action                   |  1- 3 |  4- 6 |  7- 9 | 10-12 | 13-15 | 16-18 || total
-------------------------+-------+-------+-------+-------+-------+-------++-------
Melee: Dagger            |    36 |    69 |    51 |    64 |   223 |    39 ||   482
       Rapier            |    11 |    22 |   151 |    14 |       |       ||   198
       Punch             |       |       |     1 |       |       |     2 ||     3
       Quick blade       |       |       |       |   475 |   887 |   192 ||  1554
       Unarmed           |       |       |       |       |       |    97 ||    97
Throw: Dart              |       |       |     6 |     1 |     1 |     3 ||    11
 Cast: Blink             |       |       |       |       |     1 |     2 ||     3
       Storm Form        |       |       |       |       |       |    17 ||    17
Invok: Shadow Step       |       |       |       |     2 |       |       ||     2
 Abil: Blinkbolt         |       |       |       |       |       |     2 ||     2
Evoke: Wand              |       |       |       |     1 |     4 |       ||     5
       Box of beasts     |       |       |       |     1 |     1 |       ||     2
       Piece from Xom's  |       |       |       |     1 |       |       ||     1
       Lightning rod     |       |       |       |       |     2 |       ||     2
  Use: Scroll            |     3 |     7 |     5 |     9 |    12 |       ||    36
       Potion            |     1 |       |     1 |       |     2 |     1 ||     5
 Stab: Sleeping          |    16 |    29 |    36 |    62 |   130 |    42 ||   315
       Distracted        |       |       |       |     2 |    16 |     7 ||    25
       Petrified         |       |       |       |       |     2 |       ||     2
Armor: Robe              |     5 |    19 |    32 |     6 |       |     4 ||    66
       Steam dragon scal |       |       |       |    36 |   143 |    11 ||   190
       Skin              |       |       |       |       |       |    24 ||    24
Dodge: Dodged            |    13 |    38 |   141 |   281 |   445 |   255 ||  1173
Block: Buckler           |       |       |    19 |    94 |   112 |    29 ||   254

Table legend: (Time is in decaauts)
 A = Elapsed time spent in this place.
 B = Non-inter-level travel time spent in this place.
 C = Inter-level travel time spent in this place.
 D = Time resting spent in this place.
 E = Time spent auto-exploring this place.
 F = Levels seen in this place.
 G = Mean time per level.
                   A        B        C        D        E       F      G
               +--------+--------+--------+--------+--------+-----+--------+
         Total |  33242 |  30693 |   2549 |   1794 |  24701 |  26 | 1278.5 |
       Dungeon |  18768 |  17644 |   1124 |   1589 |  13874 |  15 | 1251.2 |
        Temple |    151 |    142 |      9 |      0 |    132 |   1 |  151.0 |
          Lair |  10065 |   8852 |   1213 |     75 |   7577 |   6 | 1677.5 |
  Orcish Mines |   2749 |   2547 |    202 |    129 |   1984 |   2 | 1374.5 |
       Ossuary |    303 |    303 |      0 |      0 |    192 |   1 |  303.0 |
        Bailey |   1203 |   1203 |      0 |      0 |    942 |   1 | 1203.0 |
               +--------+--------+--------+--------+--------+-----+--------+

Top non-repeatable levels by time:
    D:14: 2686 daAuts
  Lair:4: 2161 daAuts
    D:11: 1999 daAuts
  Lair:5: 1779 daAuts
    D:10: 1772 daAuts
  Lair:6: 1750 daAuts
     D:8: 1613 daAuts
   Orc:2: 1599 daAuts
  Lair:2: 1473 daAuts
  Lair:1: 1462 daAuts
  Lair:3: 1438 daAuts
    D:13: 1394 daAuts
     D:9: 1381 daAuts
     D:7: 1358 daAuts
     D:4: 1214 daAuts
